 Dungeon Crawl Stone Soup version 0.21.0 (webtiles) character file.

321 Blackhawk the Stinger (level 6, 0/25 HPs)
             Began as a Felid Venom Mage on May 29, 2018.
             Was an Initiate of Nemelex Xobeh.
             Slain by a hungry ghost (1 damage)
             ... on level 7 of the Dungeon on May 31, 2018.
             The game lasted 00:42:44 (11395 turns).

Blackhawk the Stinger (Felid Venom Mage)           Turns: 11395, Time: 00:42:44

Health: 0/25       AC:  2    Str:  4    XL:     6   Next: 22%
Magic:  14/14      EV: 23    Int: 19    God:    Nemelex Xobeh [......]
Gold:   339        SH:  0    Dex: 16    Spells: 6/15 levels left
                                        Lives:  0   Deaths: 2

rFire    + . .     SeeInvis +   (weapon unavailable)
rCold    . . .     Gourm    .   (shield unavailable)
rNeg     . . .     Faith    .   (armour unavailable)
rPois    .         Spirit   .   (helmet unavailable)
rElec    .         Reflect  .   (cloak unavailable)
rCorr    .         Harm     .   (gloves unavailable)
MR       .....                  (boots unavailable)
Stlth    +++.......             (no amulet)
HPRegen  0.08/turn              s - +3 ring of evasion
MPRegen  0.14/turn              x - ring of protection from fire

@: fainting, quick
A: very small, no armour, no weapons or thrown items, stealth, claws 1, fangs 3,
horns 1, see invisible, carnivore, speed 1, mutation resistance 1, shaggy fur 2,
slow metabolism 1, sharp paws
a: Renounce Religion


You were on level 7 of the Dungeon.
You worshipped Nemelex Xobeh.
Nemelex Xobeh was noncommittal.
You were fainting.

You visited 2 branches of the dungeon, and saw 8 of its levels.

You collected 339 gold pieces.

Inventory:

Jewellery
 s - a +3 ring of evasion (left paw)
 x - a ring of protection from fire (right paw)
Wands
 g - a wand of acid (10)
 t - a wand of iceblast (8)
Scrolls
 c - 4 scrolls of teleportation
 f - 4 scrolls of identify
 m - a scroll of fear
 r - 3 scrolls of amnesia
 v - a scroll of remove curse
Potions
 e - 2 potions of curing
 o - a potion of degeneration
 B - a potion of haste
Books
 a - a Young Poisoner's Handbook

   Spells                             Type                      Level
   a - Sting                          Conjuration/Poison           1
   b - Poisonous Vapours              Poison/Air                   2
   c - Mephitic Cloud                 Conjuration/Poison/Air       3
   d - Olgreb's Toxic Radiance        Poison                       4
   e - Venom Bolt                     Conjuration/Poison           5
Miscellaneous
 d - a plain deck of summoning
Comestibles
 b - 12 rations


   Skills:
 - Level 1.0 Fighting
 + Level 5.0 Dodging
 + Level 4.2 Stealth
 + Level 5.2 Spellcasting
 + Level 4.2 Conjurations
 + Level 5.5 Poison Magic


You had 6 spell levels left.
You knew the following spells:

 Your Spells              Type           Power        Failure   Level  Hunger
a - Sting                 Conj/Pois      ###.         1%          1    None
b - Venom Bolt            Conj/Pois      ###.......   41%         5    #####..
c - Mephitic Cloud        Conj/Pois/Air  ###.....     10%         3    ##.....


Dungeon Overview and Level Annotations

Branches:
Dungeon (7/15)             Temple (1/1) D:6

Altars:
Ashenzari
Cheibriados
Dithmenos
Elyvilon
Fedhas
Gozag
Hepliaklqana
Makhleb
Nemelex Xobeh
Qazlal
Trog
Uskayaw
Vehumet
Wu Jian
Xom
Yredelemnul
The Shining One

Annotations:
D:5 Menkaure


Innate Abilities, Weirdness & Mutations

You cannot wear armour.
You are incapable of wielding weapons or throwing items.
Your paws allow you to move quietly. (Stealth)
You have sharp claws.
You have razor-sharp teeth.
You have supernaturally acute eyesight. (SInv)
You are carnivorous and can eat meat at any time.
You cover ground quickly.
You are covered in thick fur. (AC +2)
You have a slow metabolism.
Your sharp claws are effective at attacking unaware monsters.
You have a pair of small horns on your head.
You are somewhat resistant to further mutation.


Message History

The hungry ghost hits you.
* * * LOW HITPOINT WARNING * * *
You feel slightly more hungry.
You closely miss the hungry ghost. You headbutt the hungry ghost.
The hungry ghost is heavily damaged.
The hungry ghost misses you.
You scratch the hungry ghost but do no damage.
The hungry ghost is heavily damaged.
The hungry ghost hits you.
* * * LOW HITPOINT WARNING * * *
You feel slightly more hungry.
You closely miss the hungry ghost. Your headbutt misses the hungry ghost.
Your bite misses the hungry ghost.
The hungry ghost is heavily damaged.
The hungry ghost misses you.
You barely miss the hungry ghost.
The hungry ghost is heavily damaged.
The hungry ghost hits you.
You die...
Your body disappears without a glow.

#..#...................#.#.#.
##.######.###..#######.#.#.#.
#.# #.# ##.# #.#.#.#. #.# #.#
#.+ #.#...#. ##.######.# ###
#.#####. #.........# #.#.....
+# #.........######
###.......
...##.........##...#
#..<#.####
........#####.##@### #####.#
........##....##W# #.#
.........#....##.# #.#
###....#.#....##.# #.#
#....#.#....##.# #.#
#....#.#....##.# #.####
#....#.#....##.# #.....
#....#......##'####### #.####
#....##.....#........# ####..


You could see a hungry ghost.

Vanquished Creatures
  Sigmund (D:6)
  Eustachio (D:6)
  2 ogres
  A centaur (D:6)
  A bullfrog (D:7)
  2 scorpions
  A jelly (D:6)
  3 hounds
  An orc priest (D:5)
  3 orc wizards
  An iguana (D:6)
  2 worker ants
  A hound zombie (D:5)
  8 adders
  A shadow imp (D:5)
  3 oozes
  3 adder skeletons
  A worm (D:2)
  A dart slug (D:1)
  5 leopard geckos
  11 orcs
  4 giant cockroaches
  6 goblins
  6 hobgoblins
  3 quokkas
  6 bats
  2 frilled lizards (D:1)
  9 kobolds
  A quokka skeleton (D:6)
  8 rats
98 creatures vanquished.

Notes
Turn   | Place    | Note
-------+----------+-------------------------------------------
     0 | D:1      | Blackhawk the Felid Venom Mage began the quest for the Orb.
     0 | D:1      | Reached XP level 1. HP: 7/7 MP: 4/4
   373 | D:1      | Reached skill level 1 in Conjurations
   377 | D:1      | Reached XP level 2. HP: 11/11 MP: 1/6
  1563 | D:1      | Reached XP level 3. HP: 14/14 MP: 4/7
  1942 | D:2      | Found a shadowy altar of Dithmenos.
  2362 | D:2      | Reached XP level 4. HP: 18/18 MP: 4/8
  3714 | D:3      | Found a glowing golden altar of the Shining One.
  4423 | D:4      | Noticed an ogre
  4465 | D:3      | Killed an ogre
  4465 | D:3      | Reached XP level 5. HP: 21/21 MP: 4/10
  4970 | D:4      | Reached skill level 1 in Fighting
  5477 | D:4      | Gained mutation: You are covered in thick fur. (AC +2) [Felid growth]
  5477 | D:4      | Reached XP level 6. HP: 25/25 MP: 6/12
  6315 | D:5      | Entered Level 5 of the Dungeon
  6543 | D:5      | Noticed an ice beast
  6700 | D:5      | Reached XP level 7. HP: 28/28 MP: 6/14
  8288 | D:6      | Noticed Sigmund
  8297 | D:6      | Killed Sigmund
  8464 | D:6      | Found a hide-covered altar of Uskayaw.
  8501 | D:6      | Reached skill level 5 in Poison Magic
  8731 | D:6      | Reached skill level 5 in Spellcasting
  8731 | D:6      | Reached XP level 8. HP: 19/32 MP: 10/16
  8937 | D:6      | Found a staircase to the Ecumenical Temple.
  9056 | D:6      | Noticed Menkaure
  9093 | D:6      | Noticed Eustachio
  9502 | Temple   | Entered the Ecumenical Temple
  9793 | Temple   | Became a worshipper of Nemelex Xobeh the Trickster
 10087 | D:6      | Killed Eustachio
 10294 | D:6      | Gained mutation: You are somewhat resistant to further mutation. [potion of mutation]
 10294 | D:6      | Gained mutation: You have a pair of small horns on your head. [potion of mutation]
 10304 | D:6      | Learned a level 5 spell: Venom Bolt
 10315 | D:6      | Learned a level 3 spell: Mephitic Cloud
 10854 | D:7      | Reached skill level 5 in Dodging
 10997 | D:7      | Killed by miscasting Venom Bolt
 10998 | D:7      | Reached XP level 7. HP: -2/28 MP: 10/15
 11039 | D:7      | Found an opulent altar of Gozag.
 11057 | D:7      | Received a gift from Nemelex Xobeh
 11074 | D:7      | Shot with an arrow by a centaur
 11075 | D:7      | Reached XP level 6. HP: 0/25 MP: 13/14
 11233 | D:7      | Found a stormy altar of Qazlal.
 11255 | D:7      | Noticed a hungry ghost
 11393 | D:7      | HP: 1/25 [hungry ghost (3)]
 11395 | D:7      | Slain by a hungry ghost

Skill      XL: |  1  2  3  4  5  6  7  8 |
---------------+-------------------------+-----
Conjurations   | 1 2 3 4 |  4.2
Poison Magic   | 3 4 5 |  5.5
Stealth        | 3 4 |  4.2
Dodging        | 3 4 5 |  5.0
Spellcasting   | 3 4 5 |  5.2
Fighting       | 1 |  1.0

Action                   |  1- 3 |  4- 6 |  7- 9 || total
-------------------------+-------+-------+-------++-------
Melee: Unarmed           |    53 |   122 |   128 ||   303
       Bite              |     4 |    11 |    12 ||    27
       Headbutt          |       |     3 |     5 ||     8
 Cast: Sting             |    88 |   140 |   156 ||   384
  Use: Scroll            |       |     5 |     8 ||    13
       Potion            |       |       |    12 ||    12
 Stab: Sleeping          |       |     1 |       ||     1
  Eat: Chunk             |    11 |     8 |     7 ||    26
Armor: Skin              |     3 |    16 |    15 ||    34
Dodge: Dodged            |    65 |   165 |   231 ||   461
